| TOP OF THE 1ST |
|
Cleveland Spiders batting - Pitching for Minnesota Twins : RHP Marcos Ortega
|
|
Pitching: RHP Marcos Ortega
|
|
|
Batting: SHB Bump Wills
|
0-0: Called Strike 0-1: Called Strike 0-2: Strikes out looking and he ARGUES THE CALL AND IS TOSSED!
|
|
Batting: RHB Randy Elliott
|
0-0: Called Strike 0-1: Foul Ball, location: 2F 0-2: Strikes out swinging
|
|
Batting: RHB Clayton Elliott
|
0-0: Called Strike 0-1: Ball 1-1: Ball 2-1: Ball 3-1: Base on Balls
|
|
Batting: SHB Salvador Perez
|
0-0: Ball 1-0: Ball 2-0: 2-RUN HOME RUN (Flyball, 89XD, EV 107.5 MPH), Distance : 437 ft
|
|
Batting: RHB Alan Trammell
|
0-0: Foul Ball, location: 2F 0-1: Ball 1-1: Ball 2-1: Fly out, F7 (Flyball, 7, EV 90.0 MPH)
|
| Top of the 1st over - 2 runs, 1 hit, 0 errors, 0 left on base; Cleveland 2 - Minnesota 0 |
| BOTTOM OF THE 1ST |
|
Minnesota Twins batting - Pitching for Cleveland Spiders : RHP Jose DeLeon
|
|
Pitching: RHP Jose DeLeon
|
|
|
Now at 3B: Kevin Bell
|
|
|
Batting: RHB Lee Lacy
|
0-0: Ball 1-0: Ball 2-0: Foul Ball, location: 2F 2-1: Foul Ball, location: 2F 2-2: Strikes out swinging
|
|
Batting: RHB Steve Brye
|
0-0: Foul Ball, location: 2F 0-1: Ball 1-1: Ball 2-1: SINGLE (Flyball, 3D, EV 91.9 MPH)
|
|
Batting: RHB Matt Cooper
|
0-0: Ball 1-0: Ball 2-0: Ball 3-0: Grounds into double play, 5-4-3 (Groundball, 56, EV 83.1 MPH)
|
| Bottom of the 1st over - 0 runs, 1 hit, 0 errors, 0 left on base; Cleveland 2 - Minnesota 0 |
| TOP OF THE 2ND |
|
Cleveland Spiders batting - Pitching for Minnesota Twins : RHP Marcos Ortega
|
|
Batting: RHB Gene Tenace
|
0-0: Ball 1-0: DOUBLE (Flyball, 89D, EV 100.6 MPH)
|
|
Batting: RHB Henry Torres
|
0-0: Ball 1-0: Ball 2-0: Ball 3-0: Base on Balls
|
|
Batting: RHB Jesse Barfield
|
0-0: Called Strike 0-1: Foul Ball, location: 2F 0-2: Strikes out looking
|
|
Batting: RHB Jordan Ventura
|
0-0: Ball 1-0: Fielders Choice at 2nd, 6-4 (Groundball, 6, EV 84.4 MPH) Gene Tenace to third
|
|
Batting: RHB Kevin Bell
|
0-0: Called Strike 0-1: Fly out, F9 (Line Drive, 9, EV 105.0 MPH)
|
| Top of the 2nd over - 0 runs, 1 hit, 0 errors, 2 left on base; Cleveland 2 - Minnesota 0 |
| BOTTOM OF THE 2ND |
|
Minnesota Twins batting - Pitching for Cleveland Spiders : RHP Jose DeLeon
|
|
Batting: RHB Randy Edwards
|
0-0: Called Strike 0-1: Foul Ball, location: 2F 0-2: Foul Ball, location: 2F 0-2: Ball 1-2: Foul Ball, location: 2F 1-2: Ground out 3-1 (Groundball, 13, EV 84.4 MPH)
|
|
Batting: RHB Larry Hisle
|
0-0: Called Strike 0-1: Ball 1-1: Ground out U3 (Groundball, 34S, EV 79.4 MPH)
|
|
Batting: RHB George Foster
|
0-0: Ball 1-0: Ball 2-0: Ball 3-0: Called Strike 3-1: Called Strike 3-2: Strikes out swinging
|
| Bottom of the 2nd over - 0 runs, 0 hits, 0 errors, 0 left on base; Cleveland 2 - Minnesota 0 |
| TOP OF THE 3RD |
|
Cleveland Spiders batting - Pitching for Minnesota Twins : RHP Marcos Ortega
|
|
Batting: RHB Randy Elliott
|
0-0: Ball 1-0: Called Strike 1-1: Foul Ball, location: 2F 1-2: Ball 2-2: Strikes out swinging
|
|
Batting: RHB Clayton Elliott
|
0-0: Called Strike 0-1: Ball 1-1: Foul Ball, location: 2F 1-2: Strikes out looking
|
|
Batting: SHB Salvador Perez
|
0-0: Ball 1-0: Foul Ball, location: 2F 1-1: Ball 2-1: Swinging Strike 2-2: Ground out U3 (Groundball, 3S, EV 68.1 MPH)
|
| Top of the 3rd over - 0 runs, 0 hits, 0 errors, 0 left on base; Cleveland 2 - Minnesota 0 |
| BOTTOM OF THE 3RD |
|
Minnesota Twins batting - Pitching for Cleveland Spiders : RHP Jose DeLeon
|
|
Batting: RHB Chet Lemon
|
0-0: Called Strike 0-1: Foul Ball, location: 2F 0-2: Ball 1-2: Hit by Pitch
|
|
Batting: RHB Brook Jacoby
|
0-0: Called Strike 0-1: Ball 1-1: Grounds into double play, 4-6-3 (Groundball, 4, EV 80.6 MPH)
|
|
Batting: LHB Ken Oberkfell
|
0-0: Called Strike 0-1: Fly out, F7 (Flyball, 7, EV 86.9 MPH)
|
| Bottom of the 3rd over - 0 runs, 0 hits, 0 errors, 0 left on base; Cleveland 2 - Minnesota 0 |
| TOP OF THE 4TH |
|
Cleveland Spiders batting - Pitching for Minnesota Twins : RHP Marcos Ortega
|
|
Batting: RHB Alan Trammell
|
0-0: Called Strike 0-1: Called Strike 0-2: Foul Ball, location: 2F 0-2: Ball 1-2: SINGLE (Line Drive, 9LS, EV 102.5 MPH)
|
|
Batting: RHB Gene Tenace
|
0-0: Ball 1-0: Foul Ball, location: 2F 1-1: Ball 2-1: Foul Ball, location: 2F 2-2: Foul Ball, location: 2F 2-2: Ball 3-2: Fly out, F7 (Flyball, 7LS, EV 72.5 MPH)
|
|
Batting: RHB Henry Torres
|
0-0: Swinging Strike 0-1: Fly out, F8 (Flyball, 8RS, EV 88.1 MPH)
|
|
Batting: RHB Jesse Barfield
|
0-0: Called Strike 0-1: Foul Ball, location: 2F 0-2: Strikes out looking
|
| Top of the 4th over - 0 runs, 1 hit, 0 errors, 1 left on base; Cleveland 2 - Minnesota 0 |
| BOTTOM OF THE 4TH |
|
Minnesota Twins batting - Pitching for Cleveland Spiders : RHP Jose DeLeon
|
|
Batting: RHB Lee Lacy
|
0-0: Ball 1-0: Ball 2-0: Called Strike 2-1: Swinging Strike 2-2: SINGLE (Flyball, 8RS, EV 92.5 MPH)
|
|
Batting: RHB Steve Brye
|
0-0: Foul Ball, location: 2F 0-1: Called Strike 0-2: Ball 1-2: Ball 2-2: Grounds into double play, 1-6-3 (Groundball, 13S, EV 74.4 MPH)
|
|
Batting: RHB Matt Cooper
|
0-0: Ball 1-0: Called Strike 1-1: Foul Ball, location: 2F 1-2: Foul Ball, location: 2F 1-2: Ground out 5-3 (Groundball, 5, EV 84.4 MPH)
|
| Bottom of the 4th over - 0 runs, 1 hit, 0 errors, 0 left on base; Cleveland 2 - Minnesota 0 |
| TOP OF THE 5TH |
|
Cleveland Spiders batting - Pitching for Minnesota Twins : RHP Marcos Ortega
|
|
Batting: RHB Jordan Ventura
|
0-0: Called Strike 0-1: Swinging Strike 0-2: Ground out 5-3 (Groundball, 5, EV 87.5 MPH)
|
|
Batting: RHB Kevin Bell
|
0-0: Called Strike 0-1: Swinging Strike 0-2: Strikes out looking
|
|
Batting: RHB Randy Elliott
|
0-0: Called Strike 0-1: Called Strike 0-2: Foul Ball, location: 2F 0-2: Ball 1-2: Strikes out swinging
|
| Top of the 5th over - 0 runs, 0 hits, 0 errors, 0 left on base; Cleveland 2 - Minnesota 0 |
| BOTTOM OF THE 5TH |
|
Minnesota Twins batting - Pitching for Cleveland Spiders : RHP Jose DeLeon
|
|
Batting: RHB Randy Edwards
|
0-0: Foul Ball, location: 2F 0-1: Ball 1-1: SINGLE (Line Drive, 7S, EV 105.6 MPH)
|
|
Batting: RHB Larry Hisle
|
0-0: Grounds into double play, 6-4-3 (Groundball, 6, EV 103.1 MPH)
|
|
Batting: RHB George Foster
|
0-0: Called Strike 0-1: Fly out, F8 (Flyball, 8RM, EV 79.4 MPH)
|
| Bottom of the 5th over - 0 runs, 1 hit, 0 errors, 0 left on base; Cleveland 2 - Minnesota 0 |
| TOP OF THE 6TH |
|
Cleveland Spiders batting - Pitching for Minnesota Twins : RHP Marcos Ortega
|
|
Batting: RHB Clayton Elliott
|
0-0: Swinging Strike 0-1: Foul Ball, location: 2F 0-2: Ball 1-2: Strikes out swinging
|
|
Batting: SHB Salvador Perez
|
0-0: Ball 1-0: Called Strike 1-1: Ball 2-1: Swinging Strike 2-2: Foul Ball, location: 2F 2-2: Ball 3-2: Foul Ball, location: 2F 3-2: Base on Balls
|
|
Batting: RHB Alan Trammell
|
0-0: Called Strike 0-1: Ball 1-1: Fly out, F7 (Flyball, 78M, EV 94.4 MPH)
|
|
Batting: RHB Gene Tenace
|
0-0: Ball 1-0: Ball 2-0: Ball 3-0: Called Strike 3-1: Foul Ball, location: 2F 3-2: 2-RUN HOME RUN (Flyball, 9LD, EV 86.9 MPH), Distance : 380 ft
|
|
Batting: RHB Henry Torres
|
0-0: Ball 1-0: Swinging Strike 1-1: Foul Ball, location: 2F 1-2: Strikes out swinging
|
| Top of the 6th over - 2 runs, 1 hit, 0 errors, 0 left on base; Cleveland 4 - Minnesota 0 |
| BOTTOM OF THE 6TH |
|
Minnesota Twins batting - Pitching for Cleveland Spiders : RHP Jose DeLeon
|
|
Batting: RHB Chet Lemon
|
0-0: Ball 1-0: Called Strike 1-1: Ball 2-1: Fly out, F9 (Line Drive, 89M, EV 91.3 MPH)
|
|
Batting: RHB Brook Jacoby
|
0-0: Ball 1-0: Called Strike 1-1: Ball 2-1: Fly out, F7 (Flyball, 78S, EV 95.6 MPH)
|
|
Batting: LHB Ken Oberkfell
|
0-0: Ball 1-0: Foul Ball, location: 2F 1-1: Ball 2-1: Ball 3-1: Base on Balls
|
|
Batting: RHB Lee Lacy
|
0-0: Ball 1-0: Ball 2-0: Ball 3-0: Base on Balls Ken Oberkfell to second
|
|
Batting: RHB Steve Brye
|
0-0: Ball 1-0: Ball 2-0: Ball 3-0: Called Strike 3-1: Called Strike 3-2: Base on Balls Ken Oberkfell to third Lee Lacy to second
|
|
Batting: RHB Matt Cooper
|
0-0: Called Strike 0-1: Ground out 4-3 (Groundball, 4, EV 79.4 MPH)
|
| Bottom of the 6th over - 0 runs, 0 hits, 0 errors, 3 left on base; Cleveland 4 - Minnesota 0 |
| TOP OF THE 7TH |
|
Cleveland Spiders batting - Pitching for Minnesota Twins : RHP Marcos Ortega
|
|
Batting: RHB Jesse Barfield
|
0-0: Called Strike 0-1: Ball 1-1: Foul Ball, location: 2F 1-2: Ball 2-2: Foul Ball, location: 2F 2-2: SINGLE (Flyball, 5D, EV 84.4 MPH)
|
|
Pitching: RHP Mark Fidrych
|
|
|
Batting: RHB Jordan Ventura
|
0-0: Ball Jesse Barfield steals 2nd, throwing error, E2 Jesse Barfield to third 1-0: Ball 2-0: Ball 3-0: Called Strike 3-1: Swinging Strike 3-2: Ground out 1-3 (Groundball, P, EV 67.5 MPH)
|
|
Batting: RHB Kevin Bell
|
0-0: SINGLE (Groundball, 56, EV 111.3 MPH) Jesse Barfield scores
|
|
Batting: RHB Randy Elliott
|
0-0: Foul Ball, location: 2F 0-1: Called Strike 0-2: Ball 1-2: Strikes out swinging
|
|
Batting: RHB Clayton Elliott
|
0-0: Ball Kevin Bell steals 2nd base 1-0: Ball 2-0: Ball 3-0: Called Strike 3-1: Foul Ball, location: 2F 3-2: Ground out 5-3 (Groundball, 5S, EV 70.6 MPH)
|
| Top of the 7th over - 1 run, 2 hits, 1 error, 1 left on base; Cleveland 5 - Minnesota 0 |
| BOTTOM OF THE 7TH |
|
Minnesota Twins batting - Pitching for Cleveland Spiders : RHP Jose DeLeon
|
|
Batting: RHB Randy Edwards
|
0-0: Ball 1-0: Called Strike 1-1: Swinging Strike 1-2: Foul Ball, location: 2F 1-2: Ball 2-2: Ball 3-2: Foul Ball, location: 2F 3-2: Base on Balls
|
|
Batting: RHB Larry Hisle
|
0-0: Ball 1-0: Swinging Strike 1-1: Ball 2-1: Ball 3-1: Foul Ball, location: 2F 3-2: Strikes out swinging
|
|
Batting: RHB George Foster
|
0-0: Ball 1-0: Ball 2-0: Ball 3-0: Called Strike 3-1: Foul Ball, location: 2F 3-2: Foul Ball, location: 2F 3-2: Foul Ball, location: 2F 3-2: Fly out, F8 (Flyball, 8RXD, EV 100.6 MPH)
|
|
Batting: RHB Chet Lemon
|
0-0: Ball 1-0: Fly out, F8 (Line Drive, 8LD, EV 91.9 MPH)
|
| Bottom of the 7th over - 0 runs, 0 hits, 0 errors, 1 left on base; Cleveland 5 - Minnesota 0 |
| TOP OF THE 8TH |
|
Cleveland Spiders batting - Pitching for Minnesota Twins : RHP Mark Fidrych
|
|
Batting: SHB Salvador Perez
|
0-0: Foul Ball, location: 2F 0-1: Ball 1-1: Called Strike 1-2: Strikes out looking
|
|
Batting: RHB Alan Trammell
|
0-0: Ground out 3-1 (Groundball, 34S, EV 70.0 MPH)
|
|
Batting: RHB Gene Tenace
|
0-0: Foul Ball, location: 2F 0-1: Called Strike 0-2: Strikes out swinging
|
| Top of the 8th over - 0 runs, 0 hits, 0 errors, 0 left on base; Cleveland 5 - Minnesota 0 |
| BOTTOM OF THE 8TH |
|
Minnesota Twins batting - Pitching for Cleveland Spiders : RHP Jose DeLeon
|
|
Batting: RHB Brook Jacoby
|
0-0: Foul Ball, location: 2F 0-1: Swinging Strike 0-2: Ball 1-2: Ball 2-2: Strikes out swinging
|
|
Batting: LHB Ken Oberkfell
|
0-0: Called Strike 0-1: Fly out, F6 (Line Drive, 6, EV 66.3 MPH)
|
|
Batting: RHB Lee Lacy
|
0-0: Ground out 2-3 (Groundball, 2R, EV 70.0 MPH)
|
| Bottom of the 8th over - 0 runs, 0 hits, 0 errors, 0 left on base; Cleveland 5 - Minnesota 0 |
| TOP OF THE 9TH |
|
Cleveland Spiders batting - Pitching for Minnesota Twins : RHP Mark Fidrych
|
|
Batting: RHB Henry Torres
|
0-0: Ground out 6-3 (Groundball, 6M, EV 107.5 MPH)
|
|
Batting: RHB Jesse Barfield
|
0-0: Ground out 4-3 (Groundball, 4, EV 85.0 MPH)
|
|
Batting: RHB Jordan Ventura
|
0-0: Ball 1-0: Called Strike 1-1: Swinging Strike 1-2: Ground out U3 (Groundball, 3L, EV 78.8 MPH)
|
| Top of the 9th over - 0 runs, 0 hits, 0 errors, 0 left on base; Cleveland 5 - Minnesota 0 |
| BOTTOM OF THE 9TH |
|
Minnesota Twins batting - Pitching for Cleveland Spiders : RHP Jose DeLeon
|
|
Batting: RHB Steve Brye
|
0-0: Ball 1-0: Swinging Strike 1-1: Ball 2-1: Ball 3-1: Swinging Strike 3-2: Fly out, F9 (Flyball, 89S, EV 82.5 MPH)
|
|
Batting: RHB Matt Cooper
|
0-0: Ball 1-0: Ground out 6-3 (Groundball, 6, EV 86.9 MPH)
|
|
Batting: RHB Randy Edwards
|
0-0: Foul Ball, location: 2F 0-1: Ball 1-1: Ball 2-1: SINGLE (Groundball, 6MD, EV 105.6 MPH)
|
|
Batting: RHB Larry Hisle
|
0-0: Ball 1-0: Ball 2-0: Ball 3-0: Base on Balls Randy Edwards to second
|
|
Pitching: RHP Joe Beckwith
|
|
|
Batting: RHB George Foster
|
0-0: Ball 1-0: Called Strike 1-1: Foul Ball, location: 2F 1-2: Fly out, F9 (Flyball, 9S, EV 90.0 MPH)
|
| Bottom of the 9th over - 0 runs, 1 hit, 0 errors, 2 left on base; Cleveland 5 - Minnesota 0 |
|